 Dungeon Crawl Stone Soup version 0.30-a0-21-g5d08c37080 (webtiles) character file.

Game seed: 15224128399065536298

2263 Plasmagod the Fighter (level 9, -2/96 HPs)
             Began as a Minotaur Berserker on Aug 24, 2022.
             Was an Elder of Trog.
             Succumbed to a killer bee's poison
             ... on level 7 of the Dungeon.
             The game lasted 00:09:38 (6845 turns).

Plasmagod the Fighter (Minotaur Berserker)          Turns: 6845, Time: 00:09:39

Health: -2/96      AC: 10    Str: 25    XL:     9   Next: 15%
Magic:  8/8        EV: 10    Int:  4    God:    Trog [****..]
Gold:   359        SH:  0    Dex: 11    Spells: 8/8 levels left

rFire   + + .      SeeInvis .    t - +2 hand axe (elec)
rCold   + . .      Faith    .    (no shield)
rNeg    . . .      Spirit   .    q - +0 scale mail
rPois   .          Reflect  .    (helmet restricted)
rElec   .          Harm     .    j - scarf {rC+ rF+}
rCorr   .          Rampage  .    (no gloves)
Will    .....                    (no boots)
Stlth   ..........               (no amulet)
HPRegen 0.26/turn                m - ring of protection from fire
MPRegen 0.11/turn                k - +4 ring of protection

@: lethally poisoned (-2 -> -33)
A: horns 2, retaliatory headbutt
a: Renounce Religion, Berserk, Trog's Hand, Brothers in Arms


You were on level 7 of the Dungeon.
You worshipped Trog.
Trog was greatly pleased with you.
You visited 1 branch of the dungeon, and saw 7 of its levels.

You collected 359 gold pieces.

Inventory:

Hand Weapons
 t - a +2 hand axe of electrocution (weapon)
 C - a +0 triple crossbow
Armour
 j - a scarf of resistance (worn)
 q - a +0 scale mail (worn)
Jewellery
 k - a +4 ring of protection (right hand)
 m - a ring of protection from fire (left hand)
Wands
 w - a wand of flame (9)
Scrolls
 c - a scroll of torment {unknown}
 d - 2 scrolls of enchant armour {unknown}
 e - 6 scrolls of teleportation {unknown}
 h - 4 scrolls of identify {unknown}
 i - a scroll of blinking {unknown}
 p - 2 scrolls of amnesia {unknown}
 r - a scroll of silence {unknown}
 s - 3 scrolls of fog {unknown}
 u - a scroll of poison {unknown}
 y - a scroll of fear {unknown}
 B - a scroll of summoning {unknown}
Potions
 a - a potion of attraction {unknown}
 b - 3 potions of magic {unknown}
 f - 2 potions of ambrosia {unknown}
 g - 2 potions of flight {unknown}
 l - a potion of mutation {unknown}
 n - a potion of might {unknown}
 o - 2 potions of heal wounds
 v - a potion of invisibility {unknown}
 x - a potion of lignification {unknown}
 z - a potion of curing {unknown}
 A - a potion of resistance


   Skills:
 + Level 14.7 Fighting
 - Level 3.6 Axes
 - Level 2.4 Armour
 - Level 2.1 Dodging


You had 8 spell levels left.
You didn't know any spells.
Your spell library was empty.

Dungeon Overview and Level Annotations

Branches:
Dungeon (7/15)
 Temple: D:4-7

Altars:
Kikubaaqudgha
Uskayaw
Wu Jian


Innate Abilities, Weirdness & Mutations

You have a pair of horns on your head.
You reflexively headbutt those who attack you in melee.


Message History

The killer bee poisons you! The killer bee closely misses you.
You are too injured to fight recklessly!
You are too injured to fight recklessly!
You closely miss the killer bee. You hit the killer bee.
Lightning courses through the killer bee!
You kill the killer bee!
Trog accepts your kill.
You feel very sick.
The killer bee stings you but does no damage.
The killer bee stings you.
You are more poisoned.
The killer bee poisons you! The killer bee stings you.
* * * LOW HITPOINT WARNING * * *
The hound bites you but does no damage.
You miss the killer bee. You hit the hound.
You feel very sick.
The killer bee stings you but does no damage.
The hound bites you but does no damage.
The killer bee stings you but does no damage.
You slash the killer bee!
The killer bee is heavily wounded.
You hit the hound but do no damage.
You feel very sick. The killer bee stings you.
* * * LOW HITPOINT WARNING * * *
You are more poisoned.
The killer bee poisons you! The hound bites you.
* * * LOW HITPOINT WARNING * * *
The killer bee stings you.
* * * LOW HITPOINT WARNING * * *
You are more poisoned.
The killer bee poisons you!
The hound pauses to sniff the water.
The hound bites you but does no damage.
You hit the killer bee.
Lightning courses through the killer bee!
You kill the killer bee!
Trog accepts your kill.
You hit the hound.
You die...

..#.##.......#.
................
.................
.#....~~.~#......
....!~~≈≈~≈~.#.#
...≈≈~~≈~≈≈~≈~##
.#≈≈≈~~^.~~≈≈≈≈#
#.≈≈≈≈~<.!~~#≈#..
#~~≈≈≈≈†@~≈≈≈≈≈≈.
~≈≈≈~≈≈h♣#~≈≈≈≈~~
~≈≈≈~~~.. ~≈≈#~~~
.≈≈~~≈~.< ~~~~~ .
~≈#~≈≈≈♣..~~~~~~~
~~~~≈≈≈ .~≈≈≈≈≈≈~
~~≈≈~~ .~~#≈≈≈##
.~≈≈≈. ~≈≈≈~.


You could see a hound.

Vanquished Creatures
  A troll (D:5)
  Menkaure (D:6)
  A water moccasin (D:5)
  An ice beast (D:7)
  3 ogres (D:5)
  2 phantoms
  3 necrophages (D:6)
  3 scorpions
  3 killer bees (D:7)
  2 howler monkeys (D:5)
  An electric eel (D:7)
  A quasit (D:5)
  2 hounds (D:5)
  2 orc priests
  4 iguanas
  5 orc wizards
  10 adders
  7 gnolls
  2 orc zombies (D:6)
  3 shadow imps
  3 white imps (D:5)
  4 ufetubi
  A worm (D:2)
  8 dart slugs
  27 orcs
  10 ball pythons
  9 endoplasms
  2 giant cockroaches
  7 goblins
  6 hobgoblins
  8 kobolds
  2 quokkas
  3 bats (D:2)
  A frilled lizard (D:2)
  4 rats
152 creatures vanquished.

Vanquished Creatures (others)
  An orc (D:7)
  A demonic plant (D:5)
2 creatures vanquished.

Grand Total: 154 creatures vanquished

Notes
Turn   | Place    | Note
-------+----------+-------------------------------------------
     0 | D:1      | Plasmagod the Minotaur Berserker began the quest for the
                  | Orb.
     0 | D:1      | Reached XP level 1. HP: 19/19 MP: 0/0
   112 | D:1      | Reached skill level 4 in Fighting
   211 | D:1      | Reached XP level 2. HP: 28/28 MP: 1/1
   866 | D:2      | Reached skill level 5 in Fighting
   866 | D:2      | Reached XP level 3. HP: 23/36 MP: 2/2
  1055 | D:2      | Reached skill level 6 in Fighting
  1055 | D:2      | Reached XP level 4. HP: 33/44 MP: 3/3
  1160 | D:2      | Reached ** piety under Trog
  1828 | D:3      | Reached XP level 5. HP: 47/51 MP: 4/4
  2173 | D:3      | Reached skill level 7 in Fighting
  2559 | D:4      | Found an ornate altar of the Wu Jian Council.
  2743 | D:4      | Reached skill level 8 in Fighting
  3126 | D:4      | Reached XP level 6. HP: 55/62 MP: 5/5
  3380 | D:4      | Reached *** piety under Trog
  3793 | D:5      | Entered Level 5 of the Dungeon
  3806 | D:5      | Reached skill level 9 in Fighting
  3915 | D:5      | Reached XP level 7. HP: 71/71 MP: 6/6
  3942 | D:5      | Reached skill level 10 in Fighting
  4371 | D:5      | Reached skill level 11 in Fighting
  4495 | D:5      | Reached XP level 8. HP: 61/82 MP: 7/7
  4608 | D:5      | Reached skill level 12 in Fighting
  4710 | D:5      | Reached **** piety under Trog
  4715 | D:5      | Noticed a troll
  4720 | D:5      | Killed a troll
  4721 | D:5      | Reached skill level 13 in Fighting
  4884 | D:5      | Found a hide-covered altar of Uskayaw.
  4920 | D:5      | Found an ancient bone altar of Kikubaaqudgha.
  5164 | D:6      | Found a transporter.
  5184 | D:6      | Found a transporter.
  5553 | D:6      | HP: 4/88 [poisoned by a gnoll sergeant zombie]
  5966 | D:6      | Reached skill level 14 in Fighting
  6358 | D:6      | Noticed Menkaure
  6360 | D:6      | Killed Menkaure
  6361 | D:6      | Reached XP level 9. HP: 51/95 MP: 8/8
  6845 | D:7      | Succumbed to a killer bee's poison

Illustrated notes

Levels and vault maps discovered:
D:1:      roderic_crossed_star, layout_basic
D:2:      layout_basic
D:3:      layout_basic, nicolae_underground_beach
D:4:      layout_layer_cave, pdpol_wu_jian_five_deadly_venoms, minmay_between
D:5:      kennysheep_windowed_halls, layout_basic,
          mainiacjoe_overflow_big_doors, minmay_temple_entry_slanted,
          serial_demonic, serial_demonic_b, serial_demonic_f, serial_demonic_e,
          serial_demonic_c
D:6:      gammafunk_cloud_chamber, layout_basic, serial_bayou_ford_a,
          uniq_menkaure
D:7:      kennysheep_slugbush, layout_cave_pools, serial_shops, shop_statue,
          lemuel_flamethrower_2

Skill      XL: |  1  2  3  4  5  6  7  8 |
---------------+-------------------------+-----
Fighting       | 4 5 6 8 9 11 14 | 14.7
Axes           | |  3.6
Armour         | |  2.4
Dodging        | |  2.1

Action                   |  1- 3 |  4- 6 |  7- 9 || total
-------------------------+-------+-------+-------++-------
Melee: Hand axe          |    39 |   142 |   156 ||   337
       Headbutt          |     7 |    10 |    16 ||    33
       Punch             |       |     2 |     4 ||     6
 Fire: Triple crossbow   |       |       |    18 ||    18
Invok: Berserk           |     1 |     3 |     2 ||     6
  Use: Potion            |       |       |     1 ||     1
 Stab: Sleeping          |       |     1 |       ||     1
Armor: Animal skin       |     5 |    17 |       ||    22
       Scale mail        |       |    52 |   149 ||   201
Dodge: Dodged            |    25 |    63 |   114 ||   202

Table legend: (Time is in decaauts)
 A = Elapsed time spent in this place.
 B = Non-inter-level travel time spent in this place.
 C = Inter-level travel time spent in this place.
 D = Time resting spent in this place.
 E = Time spent auto-exploring this place.
 F = Levels seen in this place.
 G = Mean time per level.
                   A        B        C        D        E       F      G
               +--------+--------+--------+--------+--------+-----+--------+
         Total |   6962 |   6830 |    132 |   1008 |   4939 |   7 |  994.6 |
       Dungeon |   6962 |   6830 |    132 |   1008 |   4939 |   7 |  994.6 |
               +--------+--------+--------+--------+--------+-----+--------+

Top non-repeatable levels by time:
     D:6: 1599 daAuts
     D:4: 1521 daAuts
     D:5: 1266 daAuts
     D:1: 831 daAuts
     D:3: 805 daAuts
     D:2: 680 daAuts
     D:7: 258 daAuts
